 Dungeon Crawl Stone Soup version 0.26-a0-1161-g0398aca569 (webtiles) character file.

Game seed: 8479328094879956376

151 Morbidden the Stinger (level 5, -4/37 HPs)
             Began as a Demonspawn Venom Mage on Dec 28, 2020.
             Slain by Purgy (9 damage)
             ... in a sewer.
             The game lasted 00:06:35 (2727 turns).

Morbidden the Stinger (Demonspawn Venom Mage)       Turns: 2727, Time: 00:06:35

Health: -4/37      AC:  4    Str:  9    XL:     5   Next: 10%
Magic:  0/9        EV: 12    Int: 23    God:
Gold:   99         SH:  0    Dex: 13    Spells: 3/9 levels left

rFire    . . .     SeeInvis .   (no weapon)
rCold    . . .     Faith    .   (no shield)
rNeg     . . .     Spirit   .   a - +0 robe
rPois    .         Reflect  .   (no helmet)
rElec    .         Harm     .   (no cloak)
rCorr    .         Rampage  .   (no gloves)
Will     +....                  (no boots)
Stlth    ++........             (no amulet)
HPRegen  0.12/turn              f - ring of willpower
MPRegen  0.11/turn              b - +6 ring of intelligence

@: no status effects
A: claws 1, thin metallic scales 1, powered by pain 2
a: no special abilities


You were in a sewer.
You visited 1 branch of the dungeon, and saw 3 of its levels.
You also visited: Sewer.

You collected 99 gold pieces.

Inventory:

Armour
 a - a +0 robe (worn)
 d - a +0 cloak
Jewellery
 b - a +6 ring of intelligence (right claw)
 f - a ring of willpower (left claw)
Wands
 e - a wand of flame (8)
Scrolls
 h - a scroll of identify
Potions
 g - a potion of attraction {unknown}


   Skills:
 * Level 1.2 Fighting
 + Level 2.0 Dodging
 + Level 1.8 Stealth
 + Level 0.3 Unarmed Combat
 * Level 2.9 Spellcasting
 * Level 2.4 Transmutations
 + Level 0.3 Air Magic
 * Level 3.8 Poison Magic
 + Level 0.1 Evocations


You had 3 spell levels left.
You knew the following spells:

 Your Spells              Type           Power        Failure   Level
a - Sting                 Tmut/Pois      72%          3%          1
b - Poisonous Vapours     Pois/Air       26%          8%          2
c - Ignite Poison         Fire/Tmut/Pois 13%          14%         3

Your spell library contained the following spells:

 Spells                   Type           Power        Failure   Level
 Mephitic Cloud           Conj/Pois/Air  9%           21%         3
 Olgreb's Toxic Radiance  Pois           21%          24%         4


Dungeon Overview and Level Annotations

Branches:
Dungeon (3/15)              Sewer (1/1)

Altars:
Fedhas
Nemelex Xobeh

Annotations:
Sewer Purgy


Innate Abilities, Weirdness & Mutations

You have sharp fingernails.
You are partially covered in thin metallic scales. (AC +2)
You sometimes gain power by taking damage.


Message History

Purgy bites you.
* * * LOW HITPOINT WARNING * * *
Purgy claws you.
* * * LOW HITPOINT WARNING * * *
Purgy claws you.
* * * LOW HITPOINT WARNING * * *
Purgy looks very sad for a moment.
Purgy misses you. Purgy claws you but does no damage. Purgy barely misses you.
Casting: Sting (safe; 3% risk of failure)
Confirm with . or Enter, or press ? or * to list all spells.
Aiming: Sting (safe; 3% risk of failure)
Press: ? - help, Shift-Dir - straight line, f/p - Purgy
Aim: Purgy (almost dead, very poisoned, 33% to evade)
The sting misses Purgy.
Purgy closely misses you. Purgy claws you but does no damage. x2
Unknown command.
Unknown command.
Unknown command.
It was a potion of cancellation.
You feel magically purged. Purgy bites you!
You die...

#≈≈≈ #≈≈≈
#≈≈≈ #≈≈≈
#≈≈≈ #######
+.≈≈≈.+
#.≈≈≈@#
#.≈≈≈T#
+.≈≈≈.+
#.≈≈≈.#
#.≈≈≈.#
+.≈≈≈.+
#.≈≈≈.#
####.≈≈≈.####
#..'..∩....∩#


You could see Purgy (very poisoned).

Vanquished Creatures
  Jessica (D:2)
  Robin (D:2)
  4 adders
  An ooze (D:1)
  2 dart slugs (D:2)
  2 leopard geckos
  3 orcs (D:3)
  3 ball pythons
  5 giant cockroaches
  15 goblins
  5 hobgoblins
  2 jackals
  5 kobolds
  6 bats
  A frilled lizard (D:1)
  3 rats
59 creatures vanquished.

Notes
Turn   | Place    | Note
-------+----------+-------------------------------------------
     0 | D:1      | Morbidden the Demonspawn Venom Mage began the quest for the
                  | Orb.
     0 | D:1      | Reached XP level 1. HP: 13/13 MP: 3/3
   326 | D:1      | Reached skill level 1 in Transmutations
   326 | D:1      | Gained mutation: You are partially covered in thin metallic
                  | scales. (AC +2) [demonic ancestry]
   326 | D:1      | Reached XP level 2. HP: 19/19 MP: 0/5
   388 | D:1      | Learned a level 2 spell: Poisonous Vapours
   948 | D:2      | Found a sparkling altar of Nemelex Xobeh.
   983 | D:2      | Gained mutation: You have sharp fingernails. [demonic
                  | ancestry]
   983 | D:2      | Reached XP level 3. HP: 25/25 MP: 0/6
  1090 | D:2      | Noticed Jessica
  1093 | D:2      | Killed Jessica
  1309 | D:2      | Gained mutation: You sometimes gain a little power by
                  | taking damage. [demonic ancestry]
  1309 | D:2      | Reached XP level 4. HP: 31/31 MP: 3/8
  1682 | D:2      | Found a blossoming altar of Fedhas.
  1686 | D:2      | Reached skill level 1 in Fighting
  1707 | D:2      | Learned a level 3 spell: Ignite Poison
  1808 | D:2      | Noticed Robin
  1815 | D:2      | Killed Robin
  2303 | D:3      | Found a glowing drain.
  2328 | D:3      | Gained mutation: You sometimes gain power by taking damage.
                  | [demonic ancestry]
  2328 | D:3      | Reached XP level 5. HP: 19/37 MP: 0/9
  2346 | Sewer    | Entered a sewer
  2701 | Sewer    | Noticed Purgy
  2727 | Sewer    | Slain by Purgy

Illustrated notes

Levels and vault maps discovered:
D:1:      lemuel_arrival_broad_hall, layout_rooms, lemuel_old_faithful
D:2:      layout_loops_ring, lemuel_crystal_altar, fedhas_altar_1,
          hangedman_decor_slide_cut, uniq_robin, uniq_jessica
D:3:      layout_rooms, gup_sewer_entry_glass, minmay_checkerbox
Sewer:    kennysheep_door_sewer

Skill      XL: |  1  2  3  4 |
---------------+-------------+-----
Transmutations | 1 2 |  2.4
Fighting       | 1 |  1.2
Dodging        | 2 |  2.0
Stealth        | |  1.8
Unarmed Combat | |  0.3
Spellcasting   | |  2.9
Air Magic      | |  0.3
Poison Magic   | |  3.8
Evocations     | |  0.1

Action                   |  1- 3 |  4- 6 || total
-------------------------+-------+-------++-------
Melee: Unarmed           |    20 |    62 ||    82
 Cast: Sting             |    27 |    29 ||    56
       Poisonous Vapours |    13 |    18 ||    31
Evoke: Wand              |       |     9 ||     9
  Use: Scroll            |     2 |     2 ||     4
       Potion            |       |     1 ||     1
Armor: Robe              |    14 |    38 ||    52
Dodge: Dodged            |    33 |    98 ||   131

Table legend: (Time is in decaauts)
 A = Elapsed time spent in this place.
 B = Non-inter-level travel time spent in this place.
 C = Inter-level travel time spent in this place.
 D = Time resting spent in this place.
 E = Time spent auto-exploring this place.
 F = Levels seen in this place.
 G = Mean time per level.
                   A        B        C        D        E       F      G
               +--------+--------+--------+--------+--------+-----+--------+
         Total |   2728 |   2611 |    117 |    571 |   1537 |   4 |  682.0 |
       Dungeon |   2348 |   2231 |    117 |    219 |   1535 |   3 |  782.7 |
         Sewer |    380 |    380 |      0 |    352 |      2 |   1 |  380.0 |
               +--------+--------+--------+--------+--------+-----+--------+

Top non-repeatable levels by time:
     D:2: 1340 daAuts
     D:1: 860 daAuts
   Sewer: 380 daAuts
     D:3: 146 daAuts
